 Dungeon Crawl Stone Soup version 0.27.1-4-g1640c2035a (webtiles) character file.

Game seed: 11087501771831772727

146 styxcanada the Covert (level 5, -6/26 HPs)
             Began as a Spriggan Brigand on Nov 13, 2021.
             Killed from afar by an electric eel (12 damage)
             ... with a bolt of electricity
             ... on level 3 of the Dungeon.
             The game lasted 00:09:25 (2445 turns).

styxcanada the Covert (Spriggan Brigand)            Turns: 2445, Time: 00:09:25

Health: -6/26      AC:  3    Str:  7    XL:     5   Next: 7%
Magic:  6/6        EV: 17    Int: 12    God:
Gold:   73         SH:  0    Dex: 18    Spells: 4/4 levels left

rFire    . . .     SeeInvis +   a - +3 dagger
rCold    + . .     Faith    .   (shield restricted)
rNeg     . . .     Spirit   .   b - +0 robe
rPois    .         Reflect  .   (helmet restricted)
rElec    .         Harm     .   c - +0 cloak
rCorr    .         Rampage  .   (gloves unavailable)
Will     .....                  (boots unavailable)
Stlth    ++++......             (no amulet)
HPRegen  0.08/turn              g - ring of protection from cold
MPRegen  0.10/turn              (no ring)

@: very quick
A: very small, no large weapons, unfitting armour, see invisible, speed 3
a: no special abilities


You were on level 3 of the Dungeon.
You visited 1 branch of the dungeon, and saw 3 of its levels.

You collected 73 gold pieces.

Inventory:

Hand Weapons
 a - a +3 dagger (weapon)
Missiles
 d - 9 poisoned darts (quivered)
 e - 2 curare-tipped darts
 j - 24 sling bullets
 p - 28 stones
 q - 4 boomerangs
Armour
 b - a +0 robe (worn)
 c - a +0 cloak (worn)
Jewellery
 g - a ring of protection from cold (left hand)
Wands
 o - a wand of charming (10)
 r - a wand of flame (23)
Scrolls
 l - a scroll of teleportation {unknown}
 m - a scroll of enchant weapon
 n - 2 scrolls of identify
Potions
 f - a potion of ambrosia
 h - a potion of flight
 i - a potion of brilliance
 k - 2 potions of might


   Skills:
 * Level 2.2 Fighting
 + Level 2.7 Short Blades
 + Level 2.1 Throwing
 * Level 2.5 Dodging
 * Level 8.2 Stealth
 * Level 0.6 Evocations


You had 4 spell levels left.
You didn't know any spells.
Your spell library was empty.

Dungeon Overview and Level Annotations

Branches:
Dungeon (3/15)

Altars:
Makhleb
Ru
Zin

Shops:
D:2 (

Annotations:
D:3 1 transporter


Innate Abilities, Weirdness & Mutations

You are very small and have problems with some larger weapons.
You are too small for most types of armour.
You have supernaturally acute eyesight. (SInv)
You cover ground extremely quickly. (Speed+++)


Message History

You start resting.
HP restored.
There is a transporter landing site here.
A frilled lizard comes into view.
The frilled lizard hisses angrily.
You miss the frilled lizard. The frilled lizard closely misses you.
You hit the frilled lizard.
You kill the frilled lizard!
Your Stealth skill increases to level 8!
You see here a frilled lizard corpse.
You see here a frilled lizard corpse.
Things that are here:
a +0 club; 4 boomerangs; a +0 leather armour
q - 4 boomerangs Partly explored, unvisited transporter and can't reach some places.
There is a transporter here.
You enter the transporter and appear at another place.
r - a wand of flame (24)
You open the door.
Aiming: Throw Flame
Press: ? - help, Shift-Dir - straight line, f - electric eel
Aim: an electric eel (wandering, hasn't noticed you, 48% to hit)
The puff of flame hits the electric eel.
The electric eel is lightly wounded.
The electric eel shoots out a bolt of lightning at you!
The bolt of electricity hits you.
The electric eel is engulfed in a cloud of scalding steam.
The electric eel shoots out a bolt of lightning at you!
The bolt of electricity hits you! The bolt of electricity hits you.
* * * LOW HITPOINT WARNING * * *
The electric eel is engulfed in a cloud of scalding steam.
You kill the electric eel!
You hear a splash.
You have reached level 5!
You feel agile.
You hit the plant.
The plant begins to die.
The plant is lightly damaged.
The electric eel shoots out a bolt of lightning at you!
The bolt of electricity hits you!
You die...

.................................
###..###.#.#.###.#######.....[..#
.##..............#######........#
..#..###...................[.....
..#........#.###...#####.##.....#
...........#.....©....##.##.....#
..#.###....#..#######.##.#####...
..#..##....#..#8.©.8#.##.# #..#
.##...........#P@..P#.##.# #..#
###..##.......###'###..#.#####..#
........#..##.#≈...≈#...........#
##.>..........#§...;#..#.#####..#
##...##.##.#..#≈P≈;≈#..#.........
##.........#..#≈≈⌠≈≈#..#..####..#
........#..#..#≈≈≈≈≈#..#..#.....#
#..........#..#≈PP≈≈#..#..#.....#
..............#≈≈≈≈≈#..#..#.....#


You could see 2 electric eels.

Vanquished Creatures
  An electric eel (D:3)
  3 adders
  3 dart slugs
  An orc (D:3)
  5 bats
  7 endoplasms
  3 giant cockroaches
  4 goblins
  3 hobgoblins
  8 jackals
  7 kobolds
  4 quokkas
  8 ball pythons
  3 frilled lizards
  9 rats
69 creatures vanquished.

Notes
Turn   | Place    | Note
-------+----------+-------------------------------------------
     0 | D:1      | styxcanada the Spriggan Brigand began the quest for the
                  | Orb.
     0 | D:1      | Reached XP level 1. HP: 10/10 MP: 2/2
    23 | D:1      | Reached skill level 6 in Stealth
   112 | D:1      | Found a faded altar of an unknown god.
   122 | D:1      | Reached XP level 2. HP: 15/15 MP: 3/3
   869 | D:1      | Reached XP level 3. HP: 18/18 MP: 4/4
   911 | D:2      | Reached skill level 7 in Stealth
  1211 | D:2      | Found Jephaxirr's Antique Weapon Shoppe.
  1435 | D:2      | Reached XP level 4. HP: 23/23 MP: 5/5
  1866 | D:3      | Found a glowing silver altar of Zin.
  1880 | D:3      | Found a burning altar of Makhleb.
  1912 | D:3      | Found a transporter.
  1923 | D:3      | Found a transporter.
  1957 | D:3      | Found a sacrificial altar of Ru.
  2381 | D:3      | Reached skill level 8 in Stealth
  2445 | D:3      | Reached XP level 5. HP: 6/26 MP: 6/6
  2445 | D:3      | Killed from afar by an electric eel

Illustrated notes

Levels and vault maps discovered:
D:1:      minmay_arrival_three_doors, layout_basic,
          ebering_ecumenical_altar_rust
D:2:      layout_rooms, serial_shops, shop_fountains
D:3:      gammafunk_steamed_eel, layout_basic, old_standard_altar,
          nicolae_overflow_crystal_walls, general_overflow_altar

Skill      XL: |  1  2  3  4 |
---------------+-------------+-----
Stealth        | 6 7 8 |  8.2
Dodging        | 2 |  2.5
Fighting       | 2 |  2.2
Short Blades   | |  2.7
Throwing       | |  2.1
Evocations     | |  0.6

Action                   |  1- 3 |  4- 6 || total
-------------------------+-------+-------++-------
Melee: Dagger            |   126 |    53 ||   179
Throw: Dart              |     7 |     4 ||    11
Evoke: Wand              |       |     1 ||     1
  Use: Scroll            |     3 |     5 ||     8
 Stab: Sleeping          |    13 |     7 ||    20
       Distracted        |     1 |       ||     1
Armor: Robe              |    18 |     9 ||    27
Dodge: Dodged            |    86 |    20 ||   106
